 Dungeon Crawl Stone Soup version 0.21.1-1-g345015fe64 (webtiles) character file.

483 Gargoyl the Skirmisher (level 6, -3/52 HPs)
             Began as a Centaur Abyssal Knight on Apr 18, 2018.
             Was a Believer of Lugonu.
             Slain by an ogre
             ... wielding a +0 giant club
              (13 damage)
             ... on level 4 of the Dungeon.
             The game lasted 00:07:23 (3737 turns).

Gargoyl the Skirmisher (Centaur Abyssal Knight)     Turns: 3737, Time: 00:07:23

Health: -3/52      AC: 13    Str: 15    XL:     6   Next: 87%
Magic:  8/8        EV:  4    Int: 11    God:    Lugonu [**....]
Gold:   88         SH:  4    Dex: 10    Spells: 5/5 levels left

rFire    . . .     SeeInvis .   a - +1 hand axe
rCold    + . .     Gourm    .   t - +1 buckler {rC+}
rNeg     . . .     Faith    .   m - +0 chain mail
rPois    .         Spirit   .   l - +2 hat
rElec    .         Reflect  .   (no cloak)
rCorr    +         Harm     .   h - +2 pair of gloves
MR       .....                  (no barding)
Stlth    ..........             k - amulet of regeneration
HPRegen  0.57/turn              d - ring of resist corrosion
MPRegen  0.11/turn              (no ring)

@: very quick
A: large, hooves 3, deformed body, speed 2, tough skin 3
a: Depart the Abyss, Bend Space, Renounce Religion


You were on level 4 of the Dungeon.
You worshipped Lugonu.
Lugonu was pleased with you.
You were hungry.

You visited 1 branch of the dungeon, and saw 4 of its levels.
You visited the Abyss 1 time.

You collected 230 gold pieces.
You spent 142 gold pieces at shops.

Inventory:

Hand Weapons
 a - a +1 hand axe (weapon)
Missiles
 n - 2 javelins (quivered)
Armour
 h - a +2 pair of gloves (worn)
 l - a +2 hat (worn)
 m - a +0 chain mail (worn)
 t - a +1 buckler of cold resistance (worn)
Jewellery
 d - a ring of resist corrosion (left hand)
 k - an amulet of regeneration (around neck)
Scrolls
 j - a scroll of teleportation
 o - 3 scrolls of remove curse
 p - a scroll of amnesia
Potions
 b - a potion of haste
 e - a potion of flight {unknown}
 f - a potion of brilliance {unknown}
 g - a potion of agility
 i - a potion of lignification
Books
 q - a book of Maledictions

   Spells                             Type                      Level
   a - Corona                         Hexes                        1
   b - Ensorcelled Hibernation        Hexes/Ice                    2
   c - Confuse                        Hexes                        3
   d - Tukima's Dance                 Hexes                        3
   e - Dazzling Spray                 Conjuration/Hexes            3
Comestibles
 c - 10 rations


   Skills:
 + Level 4.1 Fighting
 + Level 3.9 Axes
 * Level 3.0 Armour
 + Level 1.7 Dodging
 * Level 3.8 Invocations


You had 5 spell levels left.
You didn't know any spells.

Dungeon Overview and Level Annotations

Branches:
Dungeon (4/15)
 Temple: D:4-7

Altars:

Shops:
D:4 [


Innate Abilities, Weirdness & Mutations

You have hooves in place of feet.
Armour fits poorly on your strangely shaped body.
You cover ground very quickly.
You have extremely tough skin. (AC +3)


Message History

The jackal bites you but does no damage.
You closely miss the jackal.
The jackal bites you but does no damage.
The jackal barely misses you.
You slash the jackal!
You kill the jackal!
Lugonu accepts your kill. You block the ogre's attack.
You hit the ogre but do no damage.
Your shield and chain mail prevent you from hitting the ogre.
The ogre hits you with a giant club.
You barely miss the ogre. The ogre hits you with a giant club!!
You hit the ogre. You kick the ogre, but do no damage.
The ogre is moderately wounded.
The ogre hits you with a giant club!!
* * * LOW HITPOINT WARNING * * *
You hit the ogre.
The ogre is moderately wounded.
The ogre hits you with a giant club!
You die...

########### #.........# O
#@#######.# .. #O# #.#
...#######a# #.#
#....a....# #.#
###....†.#### #.#
#.........# #.#
#.......#.#####.########
#.#+#+#.#.#.............(
#.#
#.#.#.#.#####.......#.


You could see an ogre and a worker ant.

Vanquished Creatures
  Eustachio (D:3)
  A gnoll shaman (D:3)
  An orc wizard (D:3)
  2 bullfrog skeletons (D:4)
  4 adders
  8 gnolls
  An ooze (D:3)
  3 worms
  4 dart slugs
  3 leopard geckos
  7 orcs (D:3)
  8 bats
  3 giant cockroaches
  5 goblins
  6 hobgoblins
  17 jackals
  8 kobolds
  3 quokkas (D:3)
  A frilled lizard (D:2)
  5 rats
91 creatures vanquished.

Notes
Turn   | Place    | Note
-------+----------+-------------------------------------------
     0 | Abyss:1  | Gargoyl the Centaur Abyssal Knight began the quest for the Orb.
     0 | Abyss:1  | Reached XP level 1. HP: 19/19 MP: 2/2
   148 | Abyss:2  | Noticed a yellow draconian shifter
   148 | D:1      | Escaped the Abyss
   357 | D:1      | Reached XP level 2. HP: 20/26 MP: 3/3
   508 | D:1      | Reached * piety under Lugonu
   964 | D:1      | Reached XP level 3. HP: 31/31 MP: 4/4
  1497 | D:3      | HP: 1/31 [gnoll/whip (2)]
  1500 | D:3      | Reached skill level 1 in Dodging
  1506 | D:3      | HP: 2/69 [adder (1)]
  1507 | D:3      | Reached XP level 4. HP: 2/38 MP: 5/5
  2680 | D:3      | Reached ** piety under Lugonu
  2723 | D:3      | Reached XP level 5. HP: 40/46 MP: 7/7
  3237 | D:4      | Found Geufeubu's Antique Armour Shop.
  3247 | D:4      | Bought a shiny buckler for 142 gold pieces
  3286 | D:4      | Noticed Eustachio
  3347 | D:3      | Killed Eustachio
  3347 | D:3      | Reached skill level 4 in Fighting
  3347 | D:3      | Reached XP level 6. HP: 52/52 MP: 8/8
  3737 | D:4      | Slain by an ogre

Skill      XL: |  1  2  3  4  5  6 |
---------------+-------------------+-----
Axes           | 2 3 |  3.9
Armour         | 2 3 |  3.0
Dodging        | 1 |  1.7
Invocations    | 3 |  3.8
Fighting       | 4 |  4.1

Action                   |  1- 3 |  4- 6 || total
-------------------------+-------+-------++-------
Melee: Hand axe          |    83 |   239 ||   322
       Kick              |    14 |    42 ||    56
Invok: Depart the Abyss  |     1 |       ||     1
  Use: Scroll            |     2 |     6 ||     8
       Potion            |     4 |       ||     4
  Eat: Chunk             |     1 |     6 ||     7
Armor: Leather armour    |    40 |    12 ||    52
       Skin              |     7 |       ||     7
       Ring mail         |       |   115 ||   115
       Chain mail        |       |    17 ||    17
Dodge: Dodged            |    52 |   111 ||   163
Block: Buckler           |       |    18 ||    18
